 Dungeon Crawl Stone Soup version 0.24-a0-251-g44e327ef01 (webtiles) character file.

Game seed: 3848635748062386195

102 Redear the Ducker (level 4, -5/22 HPs)
             Began as a Felid Fighter on Apr 16, 2019.
             Was a Believer of Cheibriados.
             Slain by an ogre
             ... wielding a +0 giant club
              (27 damage)
             ... on level 4 of the Dungeon.
             The game lasted 00:06:37 (4147 turns).

Redear the Ducker (Felid Fighter)                   Turns: 4147, Time: 00:06:37

Health: -5/22      AC:  1    Str: 16    XL:     4   Next: 50%
Magic:  5/5        EV: 21    Int: 14    God:    Cheibriados [**....]
Gold:   127        SH:  0    Dex: 20    Spells: 3/3 levels left
                                        Lives:  0   Deaths: 1

rFire    . . .     SeeInvis +     - Unarmed
rCold    . . .     Gourm    .   (shield unavailable)
rNeg     . . .     Faith    .   (armour unavailable)
rPois    .         Spirit   .   (helmet unavailable)
rElec    .         Reflect  .   (cloak unavailable)
rCorr    .         Harm     .   (gloves unavailable)
MR       .....                  (boots unavailable)
Stlth    +++.......             (no amulet)
HPRegen  0.07/turn              (no ring)
MPRegen  0.09/turn              (no ring)

@: very slow
A: very small, no armour, no weapons or thrown items, stealth, claws 1, fangs 3,
see invisible, carnivore, speed 1, shaggy fur 1, slow metabolism 1, sharp paws
a: Bend Time, Renounce Religion


You were on level 4 of the Dungeon.
You worshipped Cheibriados.
Cheibriados was pleased with you.
You were not hungry.

You visited 1 branch of the dungeon, and saw 4 of its levels.

You collected 127 gold pieces.

Inventory:

Jewellery
 k - an uncursed ring of positive energy {unknown}
 o - an uncursed ring of positive energy {unknown}
Wands
 A - a wand of acid (9)
Scrolls
 b - a scroll of remove curse {unknown}
 c - a scroll of fear {unknown}
 d - a scroll of random uselessness {unknown}
 f - 2 scrolls of teleportation {unknown}
 g - a scroll of amnesia {unknown}
 h - a scroll of magic mapping {unknown}
 j - 2 scrolls of identify {unknown}
 m - a scroll of enchant weapon {unknown}
 p - a scroll of immolation {unknown}
Potions
 a - a potion of might {Str+5 DMG+1d10 | @q3}
 e - 4 potions of heal wounds {unknown}
 i - a potion of flight {unknown}
 l - a potion of curing {unknown}
 n - a potion of ambrosia {unknown}
Comestibles
 z - 4 rations


   Skills:
 + Level 4.0 Fighting
 + Level 5.3 Dodging
 + Level 3.7 Stealth
 + Level 4.9 Unarmed Combat


You had 3 spell levels left.
You didn't know any spells.
Your spell library contained the following spells:

 Spells                   Type           Power        Failure   Level  Hunger
 Confusing Touch          Hex            #.....       28%         1    ##.....
 Confuse                  Hex            #.......     65%         3    ####...
 Gell's Gravitas          Tloc           #.........   65%         3    ####...
 Petrify                  Tmut/Erth      #.......     96%         4    #####..
 Metabolic Englaciation   Hex/Ice        #.........   100%        5    ######.
 Yara's Violent Unravell  Hex/Tmut       #.........   100%        5    ######.


Dungeon Overview and Level Annotations

Branches:
Dungeon (4/15)
 Temple: D:4-7

Altars:
Cheibriados
Xom


Innate Abilities, Weirdness & Mutations

You cannot wear armour.
You are incapable of wielding weapons or throwing items.
Your paws allow you to move quietly. (Stealth)
You have sharp claws.
You have razor-sharp teeth.
You have supernaturally acute eyesight. (SInv)
You are carnivorous and can eat meat at any time.
You cover ground quickly.
You are covered in fur. (AC +1)
You have a slow metabolism.
Your sharp claws are effective at attacking unaware monsters.


Message History

You rejoin the land of the living...
Found a scroll labeled SEGYMIOCAT.
Health restored: 22 You now have 5/5 mp.
Found 22 stones.
No target in view!
p - a scroll labeled SEGYMIOCAT No target in view!
No target in view!
No target in view!
You now have 127 gold pieces (gained 15).
An ogre comes into view. It is wielding a +0 giant club.
Found a stone staircase leading up.
Found an escape hatch in the ceiling.
The helpless ogre fails to defend itself.
You mangle the ogre!!
The ogre is severely wounded.
The ogre hits you with a +0 giant club!!
Ouch! That really hurt!
You die...

####.#####..# #.#
##..# #.# #.#.# #(#
##..# #.# ##.# #.#
#.# ####### ..# #.#
.......
######.#####.......
....<.......@.......
.####.#.#####O......
#.#.# ....... # #.#
...<... #.# .......
#.# ..###.# #.# ..#
. #. ..#


You could see an ogre.

Vanquished Creatures
  An orc priest (D:4)
  5 gnolls
  2 adders (D:2)
  An ooze (D:1)
  3 worms
  3 dart slugs
  4 leopard geckos
  12 orcs
  A giant cockroach (D:3)
  6 hobgoblins
  4 jackals (D:1)
  11 kobolds
  A quokka (D:3)
  3 bats
  8 frilled lizards
  5 goblins
  10 rats
80 creatures vanquished.

Vanquished Creatures (others)
  A plant (D:3)
1 creature vanquished.

Grand Total: 81 creatures vanquished

Notes
Turn   | Place    | Note
-------+----------+-------------------------------------------
     0 | D:1      | Redear the Felid Fighter began the quest for the Orb.
     0 | D:1      | Reached XP level 1. HP: 10/10 MP: 2/2
    98 | D:1      | HP: 1/10 [goblin/+0 dagger (5)]
   109 | D:1      | Reached skill level 1 in Stealth
   114 | D:1      | Reached XP level 2. HP: 2/14 MP: 3/3
   608 | D:1      | Found a snail-covered altar of Cheibriados.
   617 | D:1      | Became a worshipper of Cheibriados the Contemplative
   670 | D:1      | Reached XP level 3. HP: 14/17 MP: 4/4
  1012 | D:1      | Reached skill level 2 in Stealth
  1820 | D:2      | Reached * piety under Cheibriados
  1820 | D:2      | Reached XP level 4. HP: 9/21 MP: 5/5
  2662 | D:3      | Reached skill level 5 in Dodging
  2669 | D:3      | Reached skill level 3 in Stealth
  3239 | D:3      | Found a shimmering altar of Xom.
  3240 | D:3      | Found a shimmering altar of Xom.
  3241 | D:3      | Found a shimmering altar of Xom.
  3292 | D:3      | Reached XP level 5. HP: 4/25 MP: 6/6
  3635 | D:3      | Reached ** piety under Cheibriados
  4116 | D:4      | Reached skill level 4 in Fighting
  4118 | D:4      | Killed from afar by an orc wizard
  4119 | D:4      | Reached XP level 4. HP: -2/22 MP: 5/5
  4141 | D:4      | Noticed an ogre
  4147 | D:4      | Slain by an ogre

Levels and vault maps discovered:
D:1:      minmay_arrival_jagged, layout_rooms, serial_forest,
          infiniplex_forest_split, infiniplex_forest_pool,
          infiniplex_forest_straight_1, infiniplex_forest_clump_curved,
          infiniplex_forest_end_2, infiniplex_forest_straight_3,
          infiniplex_forest_lined_corner, chequers_serial_rivers_large_a,
          cheibriados_altar_1
D:2:      layout_basic
D:3:      layout_basic, xom_redecorated, serial_bayou_pond_c
D:4:      layout_loops_ring, kennysheep_mini_moat,
          gammafunk_temple_overflow_wave

Skill      XL: |  1  2  3  4  5 |
---------------+----------------+-----
Stealth        | 1 2 3 |  3.7
Dodging        | 5 |  5.3
Fighting       | 4 |  4.0
Unarmed Combat | |  4.9

Action                   |  1- 3 |  4- 6 || total
-------------------------+-------+-------++-------
Melee: Unarmed           |   129 |   128 ||   257
       Punch             |     4 |     3 ||     7
       Bite              |     5 |    19 ||    24
 Stab: Sleeping          |     1 |    10 ||    11
       Distracted        |       |     1 ||     1
  Eat: Chunk             |     2 |     8 ||    10
Armor: Skin              |     5 |     1 ||     6
Dodge: Dodged            |   103 |    72 ||   175

Table legend:
 A = Non-vault XP
 B = Vault XP
 C = Vault XP percentage of total XP
 D = Non-vault monster count
 E = Vault monster count
 F = Vault count percentage of total count
                 A         B        C        D         E       F
            +---------+---------+-------+---------+---------+-------
      Total |     290 |       0 |   0.0 |      80 |       0 |   0.0
            +---------+---------+-------+---------+---------+-------
        D:1 |      73 |       0 |   0.0 |      33 |       0 |   0.0
        D:2 |      63 |       0 |   0.0 |      22 |       0 |   0.0
        D:3 |     107 |       0 |   0.0 |      22 |       0 |   0.0
        D:4 |      47 |       0 |   0.0 |       3 |       0 |   0.0
            +---------+---------+-------+---------+---------+-------
